 Dungeon Crawl Stone Soup version 0.30-a0-341-g682706514a (webtiles) character file.

Game seed: 16828138199038540843

19690 sanka the Summoner (level 12, -3/106 HPs)
             Began as a Demigod Summoner on Nov 4, 2022.
             Shot with an arrow by a minotaur (11 damage)
             ... in a Gauntlet.
             The game lasted 00:41:25 (13337 turns).

sanka the Summoner (Demigod Summoner)              Turns: 13337, Time: 00:41:25

Health: -3/106     AC: 16    Str:  9    XL:     12   Next: 11%
Magic:  17/32      EV: 15    Int: 43    God:
Gold:   93         SH:  5    Dex: 14    Spells: 6/21 levels left

rFire   + . .      SeeInvis .    a - +8 dagger "Embalmer" {flame, rPois MP+9 Int+4 Stlth-}
rCold   . . .      Faith    .    (no shield)
rNeg    . . .      Spirit   .    G - +5 acid dragon scales
rPois   +          Reflect  +    O - +0 hat {Will+}
rElec   .          Harm     .    L - +0 cloak
rCorr   +          Rampage  .    k - +2 pair of gloves
Will    ++...      NoTele   +    y - +0 pair of boots
Stlth   +.........               g - amulet of reflection
HPRegen 0.37/turn                d - +6 ring of intelligence
MPRegen 0.23/turn                H - ring of protection from fire

@: no status effects
A: high MP 1, forlorn, divine attributes
a: no special abilities


You were in a Gauntlet.
You visited 2 branches of the dungeon, and saw 12 of its levels.
You also visited: Gauntlet.

You collected 723 gold pieces.
You spent 630 gold pieces at shops.


Innate Abilities, Weirdness & Mutations

You have an increased reservoir of magic. (+10% MP)
You shall have no god before yourself.
Your divine heritage dramatically boosts your attributes as you level up.


   Skills:
 + Level 10.1 Fighting
 + Level 10.1 Dodging
 - Level 1.7 Stealth
 - Level 5.0 Spellcasting
 - Level 12.0 Summonings
 - Level 2.0 Ice Magic
 - Level 2.0 Air Magic


You had 6 spell levels left.
You knew the following spells:

 Your Spells              Type           Power      Damage    Failure   Level
c - Call Canine Familiar  Summ           85%        N/A       1%          3
v - Summon Ice Beast      Ice/Summ       63%        N/A       2%          4
x - Call Imp              Summ           85%        N/A       1%          2
N - Passwall              Tmut/Erth      8%         N/A       6%          2
Z - Summon Lightning Spi  Summ/Air       63%        N/A       2%          4

Your spell library contained the following spells:

 Spells                   Type           Power      Damage    Failure   Level
 Summon Small Mammal      Summ           100%       N/A       1%          1
 Summon Guardian Golem    Hex/Summ       58%        N/A       1%          3
 Kiss of Death            Conj/Necr      40%        2d8       4%          1
 Magic Dart               Conj           40%        1d5       4%          1
 Sandblast                Erth           20%        2d7       4%          1
 Sting                    Tmut/Pois      40%        1d5       4%          1
 Poisonous Vapours        Pois/Air       38%        N/A       4%          2
 Frozen Ramparts          Ice            54%        1d9       5%          3
 Searing Ray              Conj           20%        2d5       6%          2
 Confusing Touch          Hex            10%        N/A       12%         3
 Inner Flame              Hex/Fire       10%        N/A       12%         3
 Stone Arrow              Conj/Erth      20%        3d8       12%         3
 Ice Form                 Ice/Tmut       19%        N/A       26%         4
 Dispel Undead            Necr           10%        3d9       36%         4
 Flame Wave               Conj/Fire      10%        2d6       36%         4
 Fulminant Prism          Conj/Hex       5%         3d7       36%         4
 Olgreb's Toxic Radiance  Pois           10%        N/A       36%         4
 Sticky Flame             Conj/Fire      10%        2d3       36%         4

Inventory:

Hand Weapons
 a - the +8 dagger "Embalmer" (weapon) {flame, rPois MP+9 Int+4 Stlth-}

   It burns those it strikes, dealing additional fire damage.
   Int:       It affects your intelligence (+4).
   rPois:     It protects you from poison.
   MP:        It affects your magic capacity (+9).
   Stlth:     It makes you less stealthy.
 j - the +6 rapier of Reled {vorpal, Will+ Str+3}

   It inflicts extra damage upon your enemies.
   Str:       It affects your strength (+3).
   Will:      It increases your willpower.
Missiles
 r - 2 throwing nets {=f}
 R - 4 curare-tipped darts {=f}
Armour
 k - a +2 pair of gloves (worn)
 m - the +0 pair of boots of Beogh's Respect {*Slow Regen+ Int+2}

   Int:       It affects your intelligence (+2).
   Regen:     It increases your rate of health regeneration.
   *Slow:     It may slow you when you take damage.
 y - a +0 pair of boots (worn)
 G - +5 acid dragon scales (worn)
 L - a +0 cloak (worn)
 O - a +0 hat of willpower (worn)
Jewellery
 d - a +6 ring of intelligence (left hand)
 g - an amulet of reflection (around neck)
 C - a ring of see invisible
 H - a ring of protection from fire (right hand)
Wands
 o - a wand of quicksilver (9)
 z - a wand of iceblast (2)
 P - a wand of digging (7)
Scrolls
 e - 5 scrolls of poison
 f - 7 scrolls of teleportation {@r4}
 p - 3 scrolls of fear
 B - 4 scrolls of magic mapping
 J - a scroll of silence {unknown}
 K - a scroll of brand weapon {unknown}
 M - 2 scrolls of fog {unknown}
 Q - a scroll of immolation {unknown}
Potions
 b - 2 potions of magic
 c - 6 potions of heal wounds {unknown}
 h - a potion of might {unknown}
 i - 4 potions of mutation {!q}
 l - 4 potions of haste {@q3}
 n - 3 potions of lignification {unknown}
 q - 8 potions of curing {unknown}
 s - 2 potions of cancellation {unknown}
 t - 2 potions of attraction {unknown}
 u - 5 potions of flight {unknown}
 x - 4 potions of brilliance {unknown}
 E - 3 potions of degeneration {unknown}
 N - 9 potions of ambrosia

Dungeon Overview and Level Annotations

Branches:
Dungeon (11/15)            Temple (0/1) D:7            Lair (1/5) D:8
Gauntlet (1/1)
    Orc: D:9-12

Shops:
D:1 :   D:10 [

Annotations:
Gauntlet 6 transporters, exclusion: ice statue

▒▒
▒▒▒▒▒▒▒▒▒▒▒▒▒▒▒▒▒▒
▒▒
...............▒
.8.8.©.©.8.8.8.▒
........5......▒
.▒.▒▒▒▒▒▒▒.▒.▒▒▒
.. ▒....▒.▒
.▒.▒▒.▒.▒▒.▒.▒
.............▒
.▒..▒▒H▒▒p.▒Y▒ ▒8.
▒..▒.▒ ▒.. ▒.YH{▒
▒8. ▒.8▒▒▒ ▒[.
▒▒▒▒ ▒8. ▒H.


You could see a minotaur (ally target), a friendly ice beast (summoned) and a
friendly lightning spire (summoned).


Message History

The minotaur furiously retaliates!
The minotaur headbutts your ice beast.
Unknown command.
Your ice beast hits the minotaur but does no damage.
Unknown command.
The minotaur misses you. The minotaur gores you.
Your ice beast barely misses the minotaur.
Something gores your warg!!
Your warg bites the minotaur but does no damage.
The minotaur shoots an arrow.
The arrow pierces through your warg!! Lightning courses through your warg!
Your warg dies!
The arrow pierces through you!!
* * * LOW HITPOINT WARNING * * *
A chill wind blows around you.
The minotaur shoots an arrow.
The arrow pierces through you.
* * * LOW HITPOINT WARNING * * *
You are electrocuted!
* * * LOW HITPOINT WARNING * * *
Your lightning spire shoots out a bolt of lightning at the minotaur!
The bolt of electricity hits the minotaur!
Unknown command.
Unknown command.
Your ice beast hits the minotaur but does no damage.
The minotaur shoots an arrow.
The arrow pierces through you!
You die...

Action                   |  1- 3 |  4- 6 |  7- 9 | 10-12 || total
-------------------------+-------+-------+-------+-------++-------
Melee: Unarmed           |    18 |       |       |       ||    18
       Spear             |    51 |       |       |       ||    51
       Dagger            |    36 |    54 |    58 |   109 ||   257
       Punch             |       |     1 |       |     4 ||     5
 Cast: Summon Small Mamm |    41 |       |       |     2 ||    43
       Call Imp          |     9 |    10 |     5 |     5 ||    29
       Call Canine Famil |     1 |     8 |    20 |    33 ||    62
       Summon Lightning  |       |       |    22 |    32 ||    54
       Summon Ice Beast  |       |       |     9 |    45 ||    54
Evoke: Wand              |       |       |       |     2 ||     2
  Use: Scroll            |       |       |       |    15 ||    15
 Stab: Sleeping          |     6 |       |       |       ||     6
       Distracted        |       |     1 |       |     1 ||     2
Armor: Robe              |    20 |    15 |    22 |    14 ||    71
       Acid dragon scale |       |       |       |    28 ||    28
Dodge: Dodged            |    78 |    42 |    37 |   136 ||   293
Block: Other             |    17 |    22 |    18 |    36 ||    93
       Reflection        |       |     1 |     2 |     2 ||     5

Levels and vault maps discovered:
D:1:      scummos_arrival_simple_fountains, layout_basic, serial_shops, shop,
          serial_bayou_pond_e
D:2:      layout_basic, shapermc_ecumenical_altar_notcrosses, minmay_liquid_box,
          kennysheep_generic_room_16
D:3:      layout_loops_corners, marbit_many_paths, minmay_between
D:4:      layout_loops_ring, uniq_eustachio
D:5:      layout_basic, uniq_edmund
D:6:      minmay_recursive_quarters, layout_loops_cross,
          eat_drink_and_be_merry_uskayaw, uniq_menkaure
D:7:      layout_basic, minmay_temple_entry_mist,
          hangedman_abyss_or_decor_lesser_grid
D:8:      layout_loops_cross, zin_treasury, mainiacjoe_overflow_cross_hatched,
          nicolae_overflow_two_pavilions, gammafunk_temple_overflow_wave,
          minmay_lair_entry_grove
D:9:      layout_loops_ring, ashenzari_altar_1, mainiacjoe_overflow_paths,
          special_room [special_room_bee], lightli_wizard_tower, uniq_maurice,
          uniq_pikel
D:10:     layout_irregular_city, nemelex_altar_shiori,
          mainiacjoe_overflow_24_doors, serial_shops, shop
D:11:     layout_irregular_city, uniq_sonja
Lair:1:   layout_small_grid, gauntlet_entry_generic, uniq_grum
Gauntlet: minmay_gauntlet_77_indecision
          [minmay_gauntlet_arena_77_terracotta_army,
          minmay_gauntlet_arena_77_radiant_squares,
          minmay_gauntlet_arena_77_broken_ladder, minmay_gauntlet_arena_77_box,
          minmay_gauntlet_arena_77_chump_sandwich,
          minmay_gauntlet_arena_77_block_sizes,
          nicolae_gauntlet_exit_dead_adventurers]

Notes
Turn   | Place    | Note
-------+----------+-------------------------------------------
     0 | D:1      | sanka the Demigod Summoner began the quest for the Orb.
     0 | D:1      | Reached XP level 1. HP: 14/14 MP: 5/5
   193 | D:1      | Reached skill level 2 in Spellcasting
   308 | D:1      | Reached skill level 4 in Summonings
   308 | D:1      | Reached XP level 2. HP: 20/20 MP: 1/7
   690 | D:1      | Found Pemoamiq's Book Shop.
   942 | D:2      | Learned a level 2 spell: Call Imp
  1093 | D:2      | Reached XP level 3. HP: 26/26 MP: 8/8
  1129 | D:2      | HP: 2/26 [poisoned by an adder]
  1574 | D:4      | Learned a level 3 spell: Call Canine Familiar
  2080 | D:3      | Reached skill level 5 in Summonings
  2219 | D:3      | Reached XP level 4. HP: 25/33 MP: 9/9
  2734 | D:3      | Identified the +8 dagger "Embalmer" {flame, rPois MP+9
                  | Int+4 Stlth-}
  2833 | D:3      | Identified the +6 rapier of Reled {vorpal, Will+ Str+3}
  3453 | D:4      | Noticed Eustachio
  3589 | D:3      | Killed Eustachio
  3590 | D:3      | Reached skill level 6 in Summonings
  3590 | D:3      | Reached XP level 5. HP: 33/38 MP: 10/10
  3873 | D:4      | Reached XP level 6. HP: 45/45 MP: 12/12
  4309 | D:5      | Entered Level 5 of the Dungeon
  4407 | D:5      | Reached skill level 3 in Spellcasting
  4407 | D:5      | Reached skill level 7 in Summonings
  4412 | D:5      | Learned a level 4 spell: Summon Lightning Spire
  4454 | D:5      | Noticed Edmund
  4463 | D:5      | Killed Edmund
  4464 | D:5      | Reached skill level 1 in Air Magic
  4464 | D:5      | Reached XP level 7. HP: 50/50 MP: 15/15
  4599 | D:5      | Reached skill level 2 in Air Magic
  4697 | D:5      | Reached skill level 4 in Spellcasting
  4718 | D:5      | Learned a level 2 spell: Passwall
  4796 | D:5      | Identified the +1 robe of the Wasteland {Harm rPois Str+2}
  5225 | D:6      | Reached skill level 8 in Summonings
  5300 | D:6      | Reached skill level 5 in Spellcasting
  5300 | D:6      | Reached XP level 8. HP: 58/58 MP: 19/19
  5307 | D:6      | Reached skill level 2 in Dodging
  5308 | D:6      | Reached skill level 1 in Fighting
  5775 | D:7      | Reached skill level 9 in Summonings
  5779 | D:7      | Found a staircase to the Ecumenical Temple.
  6303 | D:7      | Reached skill level 10 in Summonings
  6542 | D:7      | Reached skill level 2 in Fighting
  6542 | D:7      | Reached XP level 9. HP: 67/67 MP: 20/20
  6599 | D:7      | Reached skill level 3 in Dodging
  6613 | D:6      | Noticed Menkaure
  6753 | D:6      | Killed Menkaure
  6759 | D:6      | Reached skill level 3 in Fighting
  7105 | D:1      | Bought a book of Rime for 392 gold pieces
  7110 | D:1      | Learned a level 4 spell: Summon Ice Beast
  7564 | D:8      | Reached skill level 4 in Dodging
  7564 | D:8      | Reached skill level 1 in Ice Magic
  7564 | D:8      | Noticed a gargoyle
  7571 | D:8      | Killed a gargoyle
  7572 | D:8      | Reached skill level 4 in Fighting
  7572 | D:8      | Reached skill level 2 in Ice Magic
  7626 | D:8      | Reached skill level 5 in Dodging
  7998 | D:8      | Reached skill level 5 in Fighting
  8208 | D:8      | Found a staircase to the Lair.
  8228 | D:8      | Reached XP level 10. HP: 83/83 MP: 15/21
  8236 | D:8      | Reached skill level 6 in Dodging
  8246 | D:8      | Reached skill level 6 in Fighting
  8803 | D:9      | Noticed Pikel
  8816 | D:9      | Killed Pikel
  8817 | D:9      | Reached skill level 7 in Dodging
  9005 | D:9      | Reached skill level 7 in Fighting
  9218 | D:9      | Reached skill level 8 in Dodging
  9227 | D:9      | Reached skill level 8 in Fighting
  9494 | D:9      | Noticed Maurice
  9504 | D:9      | Killed Maurice
  9773 | D:9      | Noticed a wizard
  9787 | D:9      | Killed a wizard
  9788 | D:9      | Reached XP level 11. HP: 69/94 MP: 21/22
 10228 | D:10     | Entered Level 10 of the Dungeon
 10237 | D:10     | Reached skill level 11 in Summonings
 10661 | D:10     | Found Xut Ylug's Antique Armour Shoppe.
 10802 | D:10     | Identified +0 acid dragon scales
 10983 | D:10     | Reached skill level 12 in Summonings
 11161 | D:10     | Noticed an ogre mage
 11161 | D:10     | Noticed a two-headed ogre
 11161 | D:10     | Noticed a two-headed ogre
 11161 | D:10     | Noticed a two-headed ogre
 11172 | D:10     | Killed an ogre mage
 11179 | D:10     | Killed a two-headed ogre
 11190 | D:10     | Killed a two-headed ogre
 11190 | D:10     | Killed a two-headed ogre
 11191 | D:10     | Reached skill level 9 in Fighting
 11191 | D:10     | Reached skill level 9 in Dodging
 11633 | D:10     | Bought an ancient leather armour for 238 gold pieces
 11633 | D:10     | Identified the +2 leather armour of the Red Skies {Dex+2}
                  | (You bought it in a shop on level 10 of the Dungeon)
 11816 | D:11     | Noticed a centaur warrior
 11833 | D:11     | Killed a centaur warrior
 11903 | D:11     | Noticed Sonja
 11909 | D:11     | Killed Sonja
 12540 | Lair:1   | Entered Level 1 of the Lair of Beasts
 12631 | Lair:1   | Noticed Grum
 12642 | Lair:1   | Killed Grum
 12659 | Lair:1   | Found a gate leading to a gauntlet.
 12682 | Gauntlet | Entered a Gauntlet
 12682 | Gauntlet | Found a transporter.
 12682 | Gauntlet | Found a transporter.
 12685 | Gauntlet | Noticed a fire crab
 12702 | Gauntlet | Found a transporter.
 12706 | Gauntlet | Found a transporter.
 12714 | Gauntlet | Found a transporter.
 12716 | Gauntlet | Found the +2 hat of the Bear Spirit {Spirit, *Rage Will++}
 12718 | Gauntlet | Found a transporter.
 12729 | Gauntlet | Found a transporter.
 12739 | Gauntlet | Noticed a cacodemon
 12742 | Gauntlet | Found a transporter.
 12756 | Gauntlet | Found a transporter.
 12760 | Gauntlet | Found a transporter.
 12760 | Gauntlet | Noticed a wizard
 12768 | Gauntlet | Found a transporter.
 12796 | Gauntlet | Found a transporter.
 12852 | Gauntlet | Killed a fire crab
 12882 | Gauntlet | Reached XP level 12. HP: 51/106 MP: 20/23
 13197 | Gauntlet | Killed a cacodemon
 13198 | Gauntlet | Reached skill level 10 in Fighting
 13198 | Gauntlet | Reached skill level 10 in Dodging
 13270 | Gauntlet | Identified the +0 pair of boots of Beogh's Respect {*Slow
                  | Regen+ Int+2}
 13315 | Gauntlet | Identified the +6 ring mail of the King of the Hill
                  | {Rampage rPois rF+ Will++}
 13315 | Gauntlet | Noticed a minotaur
 13335 | Gauntlet | HP: 8/106 [minotaur/arrow (15)]
 13337 | Gauntlet | Shot with an arrow by a minotaur

Vanquished Creatures
  Maurice (D:9)
  3 yaks
  A fire bat (Gauntlet)
  A basilisk (D:8)
  A water moccasin (D:8)
  A centaur (D:10)
  A wolf (Lair:1)
  A phantom (D:5)
  A bullfrog (D:7)
  A scorpion (D:5)
  3 killer bees
  A jelly (D:7)
  4 hounds
  An iguana (D:5)
  An orc wizard (D:8)
  A gnoll (D:3)
  An adder (D:2)
  A white imp (Gauntlet)
  7 orcs
  A bat (D:3)
  An endoplasm (D:2)
  4 giant cockroaches
  2 hobgoblins
  4 quokkas
  3 ball pythons
  2 frilled lizards
  6 kobolds
  3 rats (D:2)
58 creatures vanquished.

Vanquished Creatures (collateral kills)
  A cacodemon (Gauntlet)
  A centaur warrior (D:11)
  An ogre mage (D:10)
  3 two-headed ogres (D:10)
  A fire crab (Gauntlet)
  Pikel (D:9)
  2 wizards
  2 manticores (D:11)
  A gargoyle (D:8)
  A cane toad (Lair:1)
  A queen bee (D:9)
  3 hornets
  Eustachio (D:3)
  2 wyverns
  A basilisk (D:8)
  A fire bat (Gauntlet)
  21 yaks
  A neqoxec (Gauntlet)
  Menkaure (D:6)
  Grum (Lair:1)
  3 steam dragons
  2 acid dragons (D:10)
  Edmund (D:5)
  3 water moccasins
  A sky beast (D:7)
  An ice beast (D:7)
  4 black bears
  3 orc warriors
  An ogre (D:10)
  2 wolves (Lair:1)
  A centaur (D:6)
  A lemure (D:9)
  A phantom (D:5)
  2 kobold brigands (D:9)
  6 bullfrogs
  A necrophage (D:6)
  3 scorpions
  17 wights
  22 killer bees
  A crimson imp (D:9)
  A jelly (D:8)
  5 orc priests
  A gnoll bouda (D:6)
  2 hounds
  An iguana (D:7)
  7 orc wizards
  A nameless horror (D:6)
  3 gnolls
  3 adders
  3 shadow imps
  3 white imps
  An ufetubus (D:6)
  23 orcs
  5 ball pythons
  2 endoplasms (D:1)
  3 goblins
  2 hobgoblins
  2 quokkas (D:1)
  3 bats (D:1)
  3 frilled lizards (D:1)
  13 kobolds
  4 rats (D:2)
214 creatures vanquished.

Vanquished Creatures (others)
  Sonja (D:11)
  An orc wizard (D:8)
  A fungus (D:8)
  17 plants (D:8)
20 creatures vanquished.

Grand Total: 292 creatures vanquished
